 Dungeon Crawl Stone Soup version 0.22.0 (webtiles) character file.

3047 Blackhawk the Cleaver (level 9, -1/82 HPs)
             Began as a Minotaur Berserker on Nov 3, 2018.
             Was a High Priest of Trog.
             Killed from afar by an electric eel (6 damage)
             ... with a bolt of electricity
             ... on level 9 of the Dungeon.
             The game lasted 00:11:34 (7726 turns).

Blackhawk the Cleaver (Minotaur Berserker)          Turns: 7726, Time: 00:11:34

Health: -1/82      AC: 15    Str: 25    XL:     9   Next: 56%
Magic:  8/8        EV:  9    Int:  6    God:    Trog [*****.]
Gold:   545        SH:  5    Dex: 10    Spells: 8/8 levels left

rFire    + . .     SeeInvis .   y - +0 hand axe (elec)
rCold    + + .     Gourm    .   u - +0 buckler
rNeg     . . .     Faith    .   x - +0 plate armour
rPois    .         Spirit   .   (helmet restricted)
rElec    .         Reflect  +   H - scarf {rC+ rF+}
rCorr    .         Harm     .   t - +0 pair of gloves
MR       .....                  (no boots)
Stlth    ..........             B - +2 amulet of reflection
HPRegen  0.23/turn              p - ring of protection from cold
MPRegen  0.11/turn              D - +2 ring of intelligence

@: about to teleport, very slow
A: retaliatory headbutt, horns 2
a: Berserk, Trog's Hand, Brothers in Arms, Renounce Religion


You were on level 9 of the Dungeon.
You worshipped Trog.
Trog was extremely pleased with you.
You were not hungry.

You visited 1 branch of the dungeon, and saw 9 of its levels.

You collected 545 gold pieces.

Inventory:

Hand Weapons
 y - a +0 hand axe of electrocution (weapon)
 E - a +5 dire flail
Missiles
 o - 72 bolts
 q - 3 throwing nets (quivered)
Armour
 t - a +0 pair of gloves (worn)
 u - a +0 buckler (worn)
 x - a +0 plate armour (worn)
 H - a scarf of resistance (worn)
 J - a +0 cloak
Jewellery
 p - a ring of protection from cold (left hand)
 A - an uncursed amulet of regeneration
 B - a +2 amulet of reflection (around neck)
 D - a +2 ring of intelligence (right hand)
 K - a +2 ring of intelligence
Wands
 F - a wand of paralysis (11)
 L - a wand of iceblast (7)
Scrolls
 a - a scroll of random uselessness {unknown}
 b - a scroll of immolation {unknown}
 e - 4 scrolls of teleportation
 g - a scroll of enchant armour {unknown}
 h - a scroll of remove curse
 k - 4 scrolls of noise {unknown}
 n - a scroll of enchant weapon {unknown}
 s - 2 scrolls of fear {unknown}
 w - 4 scrolls of identify {unknown}
 z - 3 scrolls of fog {unknown}
 C - 2 scrolls of blinking {unknown}
 I - a scroll of holy word {unknown}
 M - a scroll of torment {unknown}
Potions
 d - a potion of magic {unknown}
 f - a potion of heal wounds {unknown}
 i - 5 potions of curing {unknown}
 j - a potion of resistance {unknown}
 l - a potion of haste {unknown}
 m - 2 potions of might {unknown}
 r - 4 potions of degeneration {unknown}
 v - 2 potions of agility {unknown}
 N - a potion of cancellation {unknown}
Comestibles
 c - 17 rations


   Skills:
 + Level 8.8 Fighting
 + Level 8.8 Axes
 + Level 8.4 Armour
 + Level 7.6 Dodging


You had 8 spell levels left.
You didn't know any spells.
Your spell library was empty.

Dungeon Overview and Level Annotations

Branches:
Dungeon (9/15)             Temple (0/1) D:4
   Lair: D:8-11         Orc: D:9-12

Altars:
Fedhas
Nemelex Xobeh
Uskayaw
Vehumet
Wu Jian

Shops:
D:4 (   D:7 [


Innate Abilities, Weirdness & Mutations

You reflexively headbutt those who attack you in melee.
You have a pair of horns on your head.


Message History

The bolt of electricity hits you!
The electric eel shoots out a bolt of lightning at you!
The bolt of electricity hits you!
The electric eel shoots out a bolt of lightning at you!
The bolt of electricity hits you!
The electric eel shoots out a bolt of lightning at you!
The bolt of electricity hits you!
The electric eel shoots out a bolt of lightning at you!
The bolt of electricity hits the plant.
The bolt of electricity hits you!
The electric eel shoots out a bolt of lightning at you!
The bolt of electricity hits you!
* * * LOW HITPOINT WARNING * * *
As you read the scroll of teleportation, it crumbles to dust.
You feel strangely unstable.
The electric eel shoots out a bolt of lightning at you!
The bolt of electricity hits the plant.
The bolt of electricity hits you!
* * * LOW HITPOINT WARNING * * *
The electric eel shoots out a bolt of lightning at you!
The bolt of electricity hits you!
You die...

............♣≈≈♣ ≈P♣.....##......
P.......♣♣≈P≈≈≈P≈≈≈♣......#......
≈♣....≈PP≈≈≈P≈≈≈≈≈P♣.............
≈≈P..♣P≈≈≈≈≈≈≈;P≈≈≈P♣.......#.#..
≈≈..♣≈≈≈≈≈P≈≈≈≈P≈≈P≈≈♣......._...
≈≈P .≈≈≈≈≈≈≈≈≈≈P≈.;≈≈♣......#.#..
≈. ..≈♣≈P≈.........≈............
.. .............................
.. .......=....@...≈P≈♣........#
.. .......≈P..≈≈≈P≈≈♣♣♣........#
.. ......≈≈≈≈≈≈P≈≈≈♣≈..........#
. .......♣≈≈≈♣≈P≈≈≈............ .
........♣♣♣♣♣♣♣♣............. .
..........♣♣ ♣♣.............. .
...........###............... .
............#................ .
...............[.............


You could see 2 electric eels.

Vanquished Creatures
  Sigmund (D:4)
  An ice beast (D:9)
  A sky beast (D:5)
  An orc warrior (D:6)
  A necrophage (D:6)
  5 ogres
  2 centaurs
  A big kobold (D:6)
  2 bullfrogs
  A gnoll sergeant (D:8)
  3 scorpions
  A water moccasin skeleton (D:9)
  10 wights
  An electric eel (D:9)
  A howler monkey (D:8)
  2 hounds (D:8)
  2 crimson imps
  A bullfrog skeleton (D:9)
  4 orc priests
  2 centaur skeletons
  2 jellies
  6 orc wizards
  3 worker ants
  A hound skeleton (D:5)
  A howler monkey skeleton (D:6)
  9 adders
  10 gnolls
  A shadow imp (D:9)
  An ooze (D:1)
  An adder skeleton (D:6)
  4 worms
  2 dart slugs
  5 leopard geckos
  22 orcs
  7 bats
  A giant cockroach (D:1)
  12 goblins
  9 hobgoblins
  7 jackals
  5 quokkas
  3 ball pythons
  4 frilled lizards
  A jackal zombie (D:6)
  16 kobolds
  9 rats
185 creatures vanquished.

Notes
Turn   | Place    | Note
-------+----------+-------------------------------------------
     0 | D:1      | Blackhawk the Minotaur Berserker began the quest for the Orb.
     0 | D:1      | Reached XP level 1. HP: 19/19 MP: 0/0
   211 | D:1      | Reached XP level 2. HP: 20/27 MP: 1/1
   484 | D:1      | Reached XP level 3. HP: 32/33 MP: 2/2
   506 | D:1      | Reached ** piety under Trog
   966 | D:2      | Found a hide-covered altar of Uskayaw.
  1496 | D:2      | Reached XP level 4. HP: 38/41 MP: 3/3
  1962 | D:3      | HP: 2/41 [poisoned by a kobold]
  2341 | D:3      | Found a faded altar of an unknown god.
  2921 | D:4      | Reached XP level 5. HP: 45/47 MP: 4/4
  2990 | D:4      | Noticed a centaur
  3002 | D:4      | Killed a centaur
  3002 | D:4      | Reached skill level 5 in Fighting
  3002 | D:4      | Reached skill level 5 in Axes
  3003 | D:4      | Reached *** piety under Trog
  3006 | D:4      | Reached XP level 6. HP: 36/56 MP: 5/5
  3351 | D:4      | Found Liheg's Weapon Boutique.
  3369 | D:4      | Found a staircase to the Ecumenical Temple.
  3477 | D:4      | Noticed Sigmund
  3486 | D:4      | Killed Sigmund
  3486 | D:4      | Reached skill level 5 in Armour
  3486 | D:4      | Reached XP level 7. HP: 62/62 MP: 6/6
  3937 | D:5      | Entered Level 5 of the Dungeon
  4101 | D:5      | Reached skill level 5 in Dodging
  4346 | D:5      | Found a sparkling altar of Nemelex Xobeh.
  4818 | D:6      | Reached XP level 8. HP: 71/71 MP: 7/7
  4944 | D:6      | Reached **** piety under Trog
  5951 | D:7      | Found a blossoming altar of Fedhas.
  5951 | D:7      | Found a sparkling altar of Nemelex Xobeh.
  6193 | D:7      | Found a radiant altar of Vehumet.
  6216 | D:7      | Reached XP level 9. HP: 77/81 MP: 8/8
  6395 | D:7      | Found Ixozenk's Armour Boutique.
  6783 | D:8      | Reached ***** piety under Trog
  7682 | D:9      | Found an ornate altar of the Wu Jian Council.
  7726 | D:9      | Killed from afar by an electric eel

Skill      XL: |  1  2  3  4  5  6  7  8  9 |
---------------+----------------------------+-----
Axes           | 4 5 6 7 8 |  8.8
Fighting       | 4 5 6 7 8 |  8.8
Armour         | 3 4 5 6 7 8 |  8.4
Dodging        | 3 4 5 6 7 |  7.6

Action                   |  1- 3 |  4- 6 |  7- 9 || total
-------------------------+-------+-------+-------++-------
Melee: Hand axe          |    93 |    98 |   253 ||   444
       Headbutt          |    14 |    24 |    49 ||    87
Invok: Berserk           |       |     3 |     7 ||    10
  Use: Scroll            |       |       |     3 ||     3
 Stab: Sleeping          |     1 |       |       ||     1
  Eat: Chunk             |     2 |     8 |    14 ||    24
       Ration            |       |       |     2 ||     2
Armor: Animal skin       |    13 |       |       ||    13
       Chain mail        |    12 |    17 |       ||    29
       Plate armour      |       |    24 |   115 ||   139
Dodge: Dodged            |    59 |    42 |    91 ||   192
Block: Buckler           |       |     7 |    34 ||    41
       Reflection        |       |       |     2 ||     2
